 Dungeon Crawl Stone Soup version 0.21-a0-630-g344d351 (webtiles) character file.

58 KristoblXynda the Charmwright (level 3, 0/18 HPs)
             Began as a Spriggan Skald on Dec 26, 2017.
             Succumbed to an adder's poison
             ... on level 2 of the Dungeon.
             The game lasted 00:02:34 (1848 turns).

KristoblXynda the Charmwright (Spriggan Skald)      Turns: 1848, Time: 00:02:34

Health: 0/18       AC:  2    Str:  8    XL:     3   Next: 76%
Magic:  3/8        EV: 20    Int: 14    God:
Gold:   40         SH:  0    Dex: 15    Spells: 0/7 levels left

rFire    . . .     SeeInvis +   k - +4 dagger
rCold    . . .     Gourm    .   (shield restricted)
rNeg     . . .     Faith    .   b - +0 robe
rPois    .         Spirit   .   (helmet restricted)
rElec    .         Reflect  .   (no cloak)
rCorr    .         Harm     .   (gloves unavailable)
MR       .....                  (boots unavailable)
Stlth    +.........             (no amulet)
HPRegen  0.06/turn              (no ring)
MPRegen  0.11/turn              (no ring)

@: lethally poisoned (0 -> -4), infused, very quick
A: very small, unfitting armour, see invisible, herbivore, speed 3, slow
metabolism 2
a: no special abilities


You were on level 2 of the Dungeon.
You were not hungry.

You visited 1 branch of the dungeon, and saw 2 of its levels.

You collected 40 gold pieces.

Inventory:

Hand Weapons
 k - a +4 dagger (weapon)
Armour
 b - a +0 robe (worn)
Scrolls
 e - 2 scrolls of teleportation {unknown}
 f - a scroll of enchant armour {unknown}
 g - 2 scrolls of remove curse {unknown}
 i - a scroll of amnesia {unknown}
 j - a scroll of identify {unknown}
 l - a scroll of fear {unknown}
Potions
 a - a potion of agility {unknown}
 h - a potion of cancellation {unknown}
 m - a potion of curing {unknown}
 n - a potion of berserk rage {unknown}
 o - a potion of heal wounds {unknown}
Books
 c - a book of Battle

   Spells                             Type                      Level
   a - Infusion                       Charms                       1
   b - Shroud of Golubria             Charms/Translocation         2
   c - Song of Slaying                Charms                       2
   d - Spectral Weapon                Hexes/Charms                 3
   e - Regeneration                   Charms/Necromancy            3
Comestibles
 d - 3 rations


   Skills:
 - Level 1.5 Fighting
 + Level 3.2 Short Blades
 + Level 4.6 Dodging
 - Level 2.6 Spellcasting
 + Level 5.4 Charms


You couldn't memorise any spells.
You knew the following spells:

 Your Spells              Type           Power        Failure   Level  Hunger
a - Infusion              Chrm           ###.         2%          1    #......
b - Regeneration          Chrm/Necr      #.........   22%         3    ###....
c - Spectral Weapon       Hex/Chrm       #.......     22%         3    ###....


Dungeon Overview and Level Annotations

Branches:
Dungeon (2/15)

Altars:


Innate Abilities, Weirdness & Mutations

You are very small and have problems with some larger weapons.
You are too small for most types of armour.
You have supernaturally acute eyesight. (SInv)
You are a herbivore.
You cover ground extremely quickly.
You need consume almost no food.


Message History

You hit the adder but do no damage.
The adder is severely wounded.
You feel sick. The adder completely misses you.
Casting: Infusion
Confirm with . or Enter, or press ? or * to list all spells.
You begin infusing your attacks with magical energy.
The adder misses you. The adder bites you.
You miss the adder.
The adder is severely wounded.
You feel sick. The adder bites you but does no damage.
You miss the adder.
The adder is severely wounded.
The adder completely misses you.
You barely miss the adder.
The adder is severely wounded.
The adder bites you.
* * * LOW HITPOINT WARNING * * *
You hit the adder.
You kill the adder!
You die...

....... .#...[......#
....(...#.#..........#
.........#
#..........#
#............
####.######## # #.# .
#. #.# .. ###.###.###
.. #?....@...# ##
#."..###### #....
#.... #.... ###.. ####
##. ...# #. ...#


There were no monsters in sight!

Vanquished Creatures
  A gnoll (D:1)
  An adder (D:2)
  3 worms (D:2)
  A dart slug (D:1)
  A giant cockroach (D:1)
  7 hobgoblins
  2 jackals (D:1)
  A quokka (D:2)
  6 bats
  A frilled lizard (D:1)
  4 goblins
  2 rats (D:1)
30 creatures vanquished.

Notes
Turn   | Place    | Note
-------+----------+-------------------------------------------
     0 | D:1      | KristoblXynda the Spriggan Skald began the quest for the Orb.
     0 | D:1      | Reached XP level 1. HP: 10/10 MP: 5/5
   348 | D:1      | Reached XP level 2. HP: 14/14 MP: 3/6
  1019 | D:1      | Reached skill level 5 in Charms
  1019 | D:1      | Reached XP level 3. HP: 3/18 MP: 2/8
  1262 | D:1      | Learned a level 3 spell: Regeneration
  1266 | D:1      | Learned a level 3 spell: Spectral Weapon
  1848 | D:2      | Succumbed to an adder's poison

Vault maps used:
D:1:      ncdulo_watergridlock, serial_park_tiny_2
D:2:      nicolae_overflow_hidden_temple

Skill      XL: |  1  2  3 |
---------------+----------+-----
Dodging        | 4 |  4.6
Charms         | 5 |  5.4
Short Blades   | 3 |  3.2
Fighting       | |  1.5
Spellcasting   | |  2.6

Action                   || total
-------------------------++-------
Melee: Short sword       ||    52
       Dagger            ||    61
 Cast: Infusion          ||     8
 Stab: Sleeping          ||     2
Armor: Robe              ||    18
Dodge: Dodged            ||    95

Table legend:
 A = Spawn XP
 B = Non-spawn XP
 C = Spawn XP percentage of total XP
 D = Spawn monster count
 E = Non-spawn monster count
 F = Spawn count percentage of total count
 G = Total turns spent on level
                    A         B        C        D         E        F      G
               +---------+---------+-------+---------+---------+-------+---------
         Total |       0 |      84 |   0.0 |       0 |      30 |   0.0 |  1848
               +---------+---------+-------+---------+---------+-------+---------
           D:1 |       0 |      41 |   0.0 |       0 |      17 |   0.0 |  1438
           D:2 |       0 |      43 |   0.0 |       0 |      13 |   0.0 |   410
               +---------+---------+-------+---------+---------+-------+---------
